Unix NetHack Version 5.0.0-0 post-release - last build May  4 2026 22:22:43 (774f63e81ad911689b3a0859ea89b322d5daca8d,branch:main).

Game began 2026-05-06 05:40:12, ended 2026-05-06 05:58:56.

01246791210, chaotic female orcish Barbarian

 --------
 |......|                                                           --------
 |(.....|                                                           |..(...|
 |....F.|         --------                                         #.......|
 |......|     ####.@.....|       -----                             #|...>..|
 -.------     #   |......|       |...|                             #----.---
  #####       #   |......|    ###....|                        ######    ####
      #       #   |.......##### #|....#   ---------------   ###            #
      #     ###   |......|      #|...|####|..............####              #
      #     #     --------      #|...|   #..............|             ---.-.--
      #     #                  ##-----    |..............#######      |......|
      #     #            #######          |.............|      #      |.x....|
 -----|---- #          ###                ---------------      #####  |......|
 |........-#############                                           ###-......|
 |........|##                                                         |......|
 |.....{...#                                                          --------
 |........|
 ---|------
    #
01246791210 the Pillager   St:18 Dx:18 Co:17 In:7 Wi:8 Ch:6  Chaotic
Dlvl:1  $:45 HP:35(35) Pw:5(5) AC:8  Xp:3 T:2401 

Latest messages:
 In what direction? 8
 Ouch!  That hurts!
 Your leg feels better.
 c - an uncursed +0 orcish ring mail (being worn).
 You hear someone counting gold coins.
 You climb up the stairs.
 You descend the stairs.
 You climb up the stairs.
 You can't go up here.
 Really step onto that squeaky board? [yn] (n) y
 You escape a squeaky board.
 The giant rat bites!
 You kill the giant rat!
 You see here a chest.
 The jackal bites!
 The jackal bites!
 The jackal just misses!
 The jackal bites!
 The jackal bites!
 The jackal bites!
 The jackal bites!
 The jackal bites!
 You miss the jackal.
 The jackal bites!
 You kill the jackal!
 Welcome to experience level 3.
 You see here a clear potion.
 You see here a clear potion.
 v - a clear potion.
 You kill the grid bug!
 You miss the grid bug.
 The grid bug bites!
 You get zapped!
 You kill the grid bug!
 You kill the newt!
 You see here a newt corpse.
 You see here a newt corpse.
 w - a newt corpse.
 You kill the grid bug!
 You are beginning to feel hungry.
 What do you want to eat? [dfikw or ?*] d
 This food really hits the spot!
 You finish eating the food ration.
 You climb up the stairs.
 Beware, there will be no return!  Still climb? [yn] (n) y
 Do you want your possessions identified? [ynq] (y) y
 Do you want to see your attributes? [ynq] (y) n
 Do you want an account of creatures vanquished? [ynaq] (y) n
 Do you want to see your conduct and achievements? [ynq] (y) n
 Do you want to see the dungeon overview? [ynq] (y) n

Inventory:
 Coins    ('$')
  $ - 45 gold pieces
 Weapons  (')')
  r - 11 +1 crossbow bolts
  n - a +0 bow
  t - a +0 elven dagger
  b - a +0 axe (alternate weapon; not wielded)
  a - a +0 two-handed sword (weapon in hands)
 Armor    ('[')
  c - an uncursed +0 orcish ring mail (being worn)
 Comestibles  ('%')
  i - an uncursed fortune cookie
  f - an uncursed tin of soup made from fox meat
  k - 3 uncursed lichen corpses
  w - an uncursed newt corpse
 Potions  ('!')
  g - an uncursed potion of fruit juice
  l - a blessed potion of gain ability
  v - an uncursed potion of water
 Rings    ('=')
  m - an uncursed ring of polymorph control
 Tools    ('(')
  e - an uncursed oil lamp
  q - an uncursed tin whistle
 Gems/Stones  ('*')
  u - an uncursed worthless piece of orange glass

01246791210 the Barbarian's attributes:

Background:
 You were a Pillager, a level 3 female orcish Barbarian.
 You were chaotic, nominally on a mission for Set
 who was opposed by Mitra (lawful) and Crom (neutral).
 You were right-handed.
 You were in the Dungeons of Doom, on level 1.
 You entered the dungeon 2401 turns ago.
 It was nighttime.
 You had 44 experience points, 36 more were needed to attain level 4.

Basics:
 You had all 35 hit points.
 You had all 5 energy points (spell power).
 Your armor class was 8.
 Your wallet contained 45 zorkmids.
 Autopickup was off.

Final Characteristics:
 Your strength was 18 (limit:18/50).
 Your dexterity was 18 (limit:18).
 Your constitution was 17 (limit:18).
 Your intelligence was 7 (limit:16).
 Your wisdom was 8 (limit:16).
 Your charisma was 6 (limit:16).

Final Status:
 You weren't hungry.
 You were unencumbered.
 You were wielding a two-handed sword.
 You had basic skill with two-handed sword.

Final Attributes:
 You were piously aligned.
 You were poison resistant.
 You had infravision.
 You were warded.
 You survived.

Miscellaneous:
 You didn't encounter any bones levels.
 Total elapsed playing time was 18 minutes and 43 seconds.

Major events:
 Turn
    1: 01246791210 the chaotic female orcish Barbarian entered the dungeon
 2220: attained the rank of Pillager (level 3)
 2401: escaped

You didn't know any spells.

Skills:
 Fighting Skills
   bare handed combat [Basic]
   two weapon combat  [Unskilled]
   riding             [Unskilled]
 Weapon Skills
   dagger             [Unskilled]
   axe                [Basic]
   pick-axe           [Unskilled]
   short sword        [Unskilled]
   broadsword         [Unskilled]
   long sword         [Unskilled]
   two-handed sword   [Basic]
   saber              [Unskilled]
   club               [Unskilled]
   mace               [Unskilled]
   morning star       [Unskilled]
   flail              [Unskilled]
   hammer             [Unskilled]
   quarterstaff       [Unskilled]
   spear              [Unskilled]
   trident            [Unskilled]
   bow                [Unskilled]
 Spellcasting Skills
   attack spells      [Unskilled]
   escape spells      [Unskilled]

Voluntary challenges:
 Character rerolling was not enabled.
 You followed a strict vegan diet.
 You were an atheist.
 You were illiterate.
 You never genocided any monsters.
 You never polymorphed an object.
 You never changed form.
 You used no wishes.
Achievement:
 You attained the rank of Pillager.

 The Dungeons of Doom: levels 1 to 3
    Level 1: <- You left from here.
       A fountain.
    Level 2:
       A sink.
    Level 3:
       An altar.


Vanquished creatures:
  a little dog
 an acid blob
  a hobbit
  a giant rat
  a gnome zombie
  3 jackals
  8 grid bugs
  5 lichens
  4 newts
25 creatures vanquished.

No species were genocided or became extinct.

Goodbye 01246791210 the Barbarian...

You escaped from the dungeon with 321 points,
       1 worthless piece of colored glass,
and 45 pieces of gold, after 2401 moves.
You were level 3 with a maximum of 35 hit points when you escaped.

